 Dungeon Crawl Stone Soup version 0.29.1-1-gd02db6906a (webtiles) character file.

Game seed: 12435189400835616954

350 Colgate the Trooper (level 6, -1/55 HPs)
             Began as a Formicid Hunter on Oct 6, 2022.
             Slain by a river rat (7 damage)
             ... in a sewer.
             The game lasted 00:10:46 (4017 turns).

Colgate the Trooper (Formicid Hunter)               Turns: 4017, Time: 00:10:47

Health: -1/55      AC:  4    Str: 15    XL:     6   Next: 92%
Magic:  6/6        EV: 12    Int:  9    God:
Gold:   186        SH:  0    Dex: 19    Spells: 5/5 levels left

rFire   . . .      SeeInvis +   a - +0 shortbow
rCold   . . .      Faith    .   (no shield)
rNeg    . . .      Spirit   .   c - +0 leather armour
rPois   .          Reflect  .   (helmet unavailable)
rElec   .          Harm     .   (no cloak)
rCorr   .          Rampage  .   (no gloves)
Will    .....                   f - +0 pair of boots
Stlth   ++........              (no amulet)
HPRegen 0.18/turn               (no ring)
MPRegen 0.10/turn               (no ring)

@: no status effects
A: permanent stasis, dig shafts and tunnels, antennae 3, four strong arms
a: Dig


You were in a sewer.
You visited 1 branch of the dungeon, and saw 4 of its levels.
You also visited: Sewer.

You collected 186 gold pieces.

Inventory:

Hand Weapons
 a - a +0 shortbow (weapon)
Armour
 c - a +0 leather armour (worn)
 f - a +0 pair of boots (worn)
 n - a +0 tower shield
Jewellery
 q - the ring of Noon {Wiz Dex+3}
   (You found it on level 3 of the Dungeon)

   [ring of wizardry]

   It improves your spell success rate.
   Dex:       It affects your dexterity (+3).
Wands
 p - a wand of flame (19)
Scrolls
 b - a scroll of immolation
 d - 4 scrolls of identify {@r1}
 e - 4 scrolls of teleportation {@r3}
 g - 2 scrolls of fog
Potions
 h - a potion of haste {@q4}
 i - a potion of lignification {unknown}
 k - a potion of cancellation
 l - 2 potions of magic
 m - 3 potions of curing {@q1}
 o - a potion of heal wounds {@q2}


   Skills:
 + Level 7.3 Fighting
 - Level 4.0 Ranged Weapons
 - Level 1.7 Dodging
 - Level 2.1 Stealth


You had 5 spell levels left.
You didn't know any spells.
Your spell library was empty.

Dungeon Overview and Level Annotations

Branches:
Dungeon (4/15)              Sewer (1/1)
 Temple: D:4-7

Altars:
Wu Jian
Zin

Shops:
D:2 !

Annotations:
D:2 Terence
D:3 kallion takana enkeli


Innate Abilities, Weirdness & Mutations

You cannot be hasted, slowed, berserked, paralysed or teleported.
You can dig through walls and to a lower floor.
You have a pair of large antennae on your head. (SInv)
Your four strong arms can wield two-handed weapons with a shield.


Message History

The ball python bites you.
* * * LOW HITPOINT WARNING * * *
The river rat barely misses you. The rat closely misses you.
The ball python bites you but does no damage.
The ball python constricts you.
* * * LOW HITPOINT WARNING * * *
The ball python bites you.
* * * LOW HITPOINT WARNING * * *
There are monsters nearby!
Unknown command.
Fire: a) +0 shortbow
Aim: a ball python (constricting you, 63% to hit)
You shoot an arrow.
The arrow barely misses the ball python.
The ball python bites you.
* * * LOW HITPOINT WARNING * * *
The ball python constricts you.
The river rat bites you but does no damage.
The rat bites you but does no damage. The ball python closely misses you. x2
The ball python constricts you.
Fire: a) +0 shortbow
Aim: a ball python (constricting you, 63% to hit)
You shoot an arrow.
The arrow barely misses the ball python.
The river rat bites you.
* * * LOW HITPOINT WARNING * * *
The rat bites you.
* * * LOW HITPOINT WARNING * * *
The ball python closely misses you.
The ball python bites you but does no damage.
The ball python constricts you.
* * * LOW HITPOINT WARNING * * *
The ball python barely misses you. The rat barely misses you.
The river rat closely misses you.
Fire: a) +0 shortbow
Aim: a ball python (constricting you, 63% to hit)
You shoot an arrow. The arrow hits the ball python!
You kill the ball python!
The ball python misses you. x2; The river rat bites you!
You die...

...# #...# #...#
##################....#
.~~~~≈≈≈#≈≈~~~≈~......#
.~~~~~≈≈~~~~~~~~.....#
.~~~~~~~..~~~~~~~....#
.~≈~~~~~~.†~≈~~~†r...#
~~≈≈~~~~.~~≈≈~~~@r..##
.~≈≈≈~~~≈.≈≈≈≈≈~#S###
################### ##
.# .# ##
###################


You could see a river rat, a ball python and a rat.

Vanquished Creatures
  A scorpion (D:4)
  A hound (D:4)
  Jessica (D:2)
  5 river rats (Sewer)
  9 adders
  A dart slug (D:3)
  2 worms
  8 orcs
  10 endoplasms
  2 giant cockroaches
  6 goblins
  2 hobgoblins
  9 kobolds
  4 quokkas
  13 ball pythons
  8 bats
  10 frilled lizards
  21 rats
113 creatures vanquished.

Notes
Turn   | Place    | Note
-------+----------+-------------------------------------------
     0 | D:1      | Colgate the Formicid Hunter began the quest for the Orb.
     0 | D:1      | Reached XP level 1. HP: 16/16 MP: 1/1
   249 | D:1      | Reached XP level 2. HP: 23/23 MP: 2/2
   403 | D:1      | Reached skill level 3 in Fighting
   612 | D:1      | Reached XP level 3. HP: 29/29 MP: 3/3
   775 | D:2      | Noticed Jessica
  1117 | D:2      | Killed Jessica
  1118 | D:2      | Reached skill level 4 in Fighting
  1118 | D:2      | Reached XP level 4. HP: 38/38 MP: 4/4
  1325 | D:2      | HP: 1/38 [poisoned by an adder]
  1636 | D:2      | Found Joijay's Distillery.
  1636 | D:2      | Noticed Terence
  2211 | D:3      | Reached skill level 5 in Fighting
  2220 | D:3      | Reached XP level 5. HP: 44/44 MP: 5/5
  2402 | D:3      | Identified the ring of Noon {Wiz Dex+3}
  2635 | D:3      | Found a glowing silver altar of Zin.
  2635 | D:3      | Noticed an angel
  3005 | D:4      | Found an ornate altar of the Wu Jian Council.
  3061 | D:4      | Reached skill level 6 in Fighting
  3061 | D:4      | Reached XP level 6. HP: 39/52 MP: 6/6
  3206 | D:4      | Found a glowing drain.
  3210 | Sewer    | Entered a sewer
  3634 | Sewer    | Reached skill level 7 in Fighting
  4017 | Sewer    | Slain by a river rat

Illustrated notes

Levels and vault maps discovered:
D:1:      dpeg_arrival_central, layout_loops_ring
D:2:      layout_rooms, serial_shops, nicolae_shop_waterfront,
          nrook_loot_triangle, nrook_mini_vaults, uniq_jessica, uniq_terence
D:3:      layout_basic, zin_angel, st_stairs_7, kennysheep_generic_room_12
D:4:      layout_gridville, overflow_temple_1_default, gup_sewer_entry_spiral,
          minmay_lizard_king
Sewer:    sewer_minmay_w

Skill      XL: |  1  2  3  4  5  6 |
---------------+-------------------+-----
Stealth        | 2 |  2.1
Fighting       | 3 4 5 6 7 |  7.3
Ranged Weapons | |  4.0
Dodging        | |  1.7

Action                   |  1- 3 |  4- 6 || total
-------------------------+-------+-------++-------
 Fire: Shortbow          |    94 |   265 ||   359
 Abil: Dig               |       |     1 ||     1
  Use: Scroll            |       |     9 ||     9
Armor: Leather armour    |    20 |    66 ||    86
Dodge: Dodged            |    27 |   148 ||   175
